 Dungeon Crawl Stone Soup version 0.20.0-15-g7f486f2 (console) character file.

1081 bli the Cudgeler (level 8, -6/50 HPs)
             Began as a Gargoyle Fighter on June 28, 2017.
             Mangled by a two-headed ogre
             ... wielding a +0 giant spiked club
              (8 damage)
             ... on level 5 of the Dungeon.
             The game lasted 00:13:49 (3295 turns).

bli the Cudgeler (Gargoyle Fighter)                 Turns: 3295, Time: 00:13:49

Health: -6/50      AC: 14    Str: 21    XL:     8   Next: 29%
Magic:  8/8        EV:  9    Int:  8    God:
Gold:   279        SH: 10    Dex: 11    Spells: 7/7 levels left

rFire    . . .     SeeInvis .   a - +3 whip (venom)
rCold    . . .     Gourm    .   z - +0 shield
rNeg     + . .     Faith    .   F - +0 scale mail
rPois    ∞         Spirit   .   (no helmet)
rElec    +         Reflect  .   q - +1 cloak
rCorr    .         Harm     .   (no gloves)
MR       .....                  (no boots)
Stlth    ..........             (no amulet)
Regen    0.2/turn               A - ring of loudness (curse)
MPRegen  0.2/turn               (no ring)

@: no status effects
A: negative energy resistance 1, electricity resistance, unbreathing,
petrification resistance, rot immunity, AC +5
a: no special abilities


You were on level 5 of the Dungeon.
You were not hungry.

You visited 1 branch of the dungeon, and saw 5 of its levels.

You collected 279 gold pieces.

Inventory:

Hand Weapons
 a - a +3 whip of venom (weapon)
 b - a +2 mace of protection
 c - a +1 whip of freezing
 B - a +2 quarterstaff of chaos
 C - a +0 war axe of flaming
Missiles
 k - 57 stones (quivered)
Armour
 n - a +0 ring mail
 q - a +1 cloak (worn)
 w - a +0 leather armour
 z - a +0 shield (worn)
 D - a cursed +0 buckler
 F - a +0 scale mail (worn)
Jewellery
 A - a cursed ring of loudness (left hand)
Scrolls
 h - 2 scrolls of magic mapping {unknown}
 i - a scroll of enchant armour {unknown}
 s - a scroll of random uselessness {unknown}
 t - a scroll of amnesia {unknown}
 u - a scroll of teleportation {unknown}
 v - 5 scrolls of identify {unknown}
 y - 2 scrolls of enchant weapon {unknown}
 G - 2 scrolls of remove curse {unknown}
Potions
 d - a potion of might
 e - a potion of degeneration {unknown}
 g - 4 potions of lignification {unknown}
 j - 5 potions of agility {unknown}
 m - a potion of haste
 o - 3 potions of curing {unknown}
 r - a potion of magic {unknown}
 x - a potion of heal wounds {unknown}
 H - a potion of brilliance {unknown}
 I - a potion of berserk rage {unknown}
Comestibles
 f - 6 bread rations
 l - 3 meat rations
 p - 2 royal jellies
 E - a fruit


   Skills:
 + Level 5.4 Fighting
 + Level 6.2 Maces & Flails
 + Level 5.1 Armour
 + Level 2.2 Dodging
 + Level 0.2 Stealth
 + Level 5.4 Shields


You had 7 spell levels left.
You didn't know any spells.

Dungeon Overview and Level Annotations

Branches:
Dungeon (5/15)
 Temple: D:4-7

Altars:
Ashenzari


Innate Abilities, Weirdness & Mutations

You are resistant to torment.
Your stone body is resilient. (AC +5)
You are immune to poison.
You resist negative energy. (rN+)
You are resistant to electric shocks. (rElec)
You can survive without breathing.
You are immune to petrification.
You are immune to rotting.


Message History

You block the two-headed ogre's attack.
You hit the two-headed ogre but do no damage.
The two-headed ogre is poisoned.
The two-headed ogre is lightly wounded.
You hit the two-headed ogre.
The two-headed ogre is lightly wounded.
You block the two-headed ogre's attack.
The two-headed ogre hits you with a giant club!
You hit the two-headed ogre but do no damage.
The two-headed ogre looks as sick as possible!
The two-headed ogre is lightly wounded.
You block the two-headed ogre's attack.
The two-headed ogre hits you with a giant club!
* * * LOW HITPOINT WARNING * * *
Press: ? - help, v - describe, . - travel
Here: a two-headed ogre, wielding a giant spiked club and a giant club (lightly wounded, poisoned)
The floor.
Unknown command.
The two-headed ogre hits you with a giant spiked club!
You die...

#.....#.......# .....#
#.....#.......# .....#
#.....#.......# #.....#
#.....#.......######.....#
#.....#.......#..........#####
#.....#.......'...............
#.....#.......#...............
#.....#.......#...............
#.....#########...............
#.............O...............
#............@......#####.....
#..............(....#...#.....
#...................'...#.....
#...................#...#.....
#..............######...######
#..............#..............
#.....#'########..............
#...<.#.......#..............
#.....#.....>.#.............
#.....+.......+.........##..
#.....##########........######


You could see a two-headed ogre.

Vanquished Creatures
  Pikel (D:4)
  3 slaves (D:4)
  A phantom (D:4)
  2 crimson imps (D:5)
  2 centaur skeletons (D:5)
  A jelly (D:5)
  Crazy Yiuf (D:3)
  2 bullfrog skeletons (D:5)
  An orc priest (D:3)
  An orc wizard (D:4)
  An iguana (D:4)
  3 worker ants (D:4)
  7 adders
  A shadow imp (D:5)
  A white imp (D:5)
  An adder zombie (D:5)
  4 worms
  3 dart slugs (D:1)
  A leopard gecko (D:1)
  9 orcs
  3 giant cockroaches
  12 goblins
  9 hobgoblins
  3 bats
  6 frilled lizards
  6 kobolds
  8 rats
93 creatures vanquished.

Notes
Turn   | Place    | Note
-------+----------+-------------------------------------------
     0 | D:1      | bli the Gargoyle Fighter began the quest for the Orb.
     0 | D:1      | Reached XP level 1. HP: 14/14 MP: 1/1
    82 | D:1      | Reached XP level 2. HP: 15/19 MP: 2/2
   485 | D:1      | Reached XP level 3. HP: 23/23 MP: 3/3
   989 | D:2      | Reached XP level 4. HP: 27/28 MP: 4/4
  1116 | D:2      | Found a shattered altar of Ashenzari.
  1484 | D:3      | Reached skill level 3 in Maces & Flails
  1487 | D:3      | Reached skill level 1 in Dodging
  1491 | D:3      | Reached XP level 5. HP: 24/33 MP: 5/5
  1707 | D:3      | Found a runed door.
  1711 | D:3      | Noticed Crazy Yiuf
  1720 | D:3      | Killed Crazy Yiuf
  1984 | D:4      | Reached XP level 6. HP: 21/38 MP: 6/6
  2066 | D:4      | Noticed a phantom
  2123 | D:4      | Killed a phantom
  2123 | D:4      | Reached skill level 4 in Maces & Flails
  2143 | D:4      | Noticed a slave
  2144 | D:4      | Noticed Pikel
  2144 | D:4      | Noticed a slave
  2188 | D:4      | Killed a slave
  2821 | D:4      | Noticed a slave
  2821 | D:4      | Noticed a slave
  2835 | D:4      | Killed a slave
  2839 | D:4      | Killed a slave
  2861 | D:4      | Killed Pikel
  2861 | D:4      | Reached skill level 5 in Fighting
  2861 | D:4      | Reached skill level 5 in Maces & Flails
  2861 | D:4      | Reached skill level 5 in Shields
  2861 | D:4      | Reached XP level 7. HP: 28/44 MP: 7/7
  2861 | D:4      | Reached XP level 8. HP: 31/49 MP: 8/8
  2928 | D:5      | Entered Level 5 of the Dungeon
  2971 | D:5      | Reached skill level 5 in Armour
  2983 | D:5      | Reached skill level 6 in Maces & Flails
  3280 | D:5      | Noticed a two-headed ogre
  3290 | D:5      | HP: 1/50 [two-headed ogre/giant spiked club (15)]
  3295 | D:5      | Mangled by a two-headed ogre

Skill      XL: |  1  2  3  4  5  6  7  8 |
---------------+-------------------------+-----
Shields        | 4 5 |  5.4
Maces & Flails | 3 5 6 |  6.2
Dodging        | 1 2 |  2.2
Fighting       | 4 5 |  5.4
Armour         | 4 5 |  5.1
Stealth        | |  0.2

Action                   |  1- 3 |  4- 6 |  7- 9 || total
-------------------------+-------+-------+-------++-------
Melee: Flail             |   108 |   158 |       ||   266
       Whip              |       |    82 |     4 ||    86
       Mace              |       |       |    54 ||    54
  Eat: Chunk             |       |     7 |     1 ||     8
Armor: Scale mail        |    56 |   121 |    24 ||   201
Dodge: Dodged            |    30 |    47 |    15 ||    92
Block: Shield            |    49 |    95 |    26 ||   170
